 Dungeon Crawl Stone Soup version 0.29.0-10-g45618ea6d2 (webtiles) character file.

Game seed: 9253022390678007870

37 robertstho the Ruffian (level 3, -2/20 HPs)
             Began as a Vine Stalker Berserker on Sept 1, 2022.
             Was a Follower of Trog.
             Slain by a gnoll
             ... wielding a +0 halberd
              (9 damage)
             ... on level 2 of the Dungeon.
             The game lasted 00:01:36 (959 turns).

robertstho the Ruffian (Vine Stalker Berserker)      Turns: 959, Time: 00:01:37

Health: -2/20      AC:  7    Str: 21    XL:     3   Next: 41%
Magic:  0/13       EV: 10    Int:  7    God:    Trog [*.....]
Gold:   22         SH:  0    Dex: 13    Spells: 2/2 levels left

rFire   . . .      SeeInvis .     - Unarmed
rCold   . . .      Faith    .   (no shield)
rNeg    . . .      Spirit   +   f - +1 scale mail
rPois   .          Reflect  .   (no helmet)
rElec   .          Harm     .   (no cloak)
rCorr   .          Rampage  .   (no gloves)
Will    .....                   (no boots)
Stlth   ..........              (no amulet)
HPRegen 0.06/turn               c - ring of magical power
MPRegen 0.13/turn               (no ring)

@: no status effects
A: fangs 2, magic shield, antimagic bite, no potion heal 2
a: Renounce Religion, Berserk


You were on level 2 of the Dungeon.
You worshipped Trog.
Trog was aware of your devotion.
You visited 1 branch of the dungeon, and saw 2 of its levels.

You collected 22 gold pieces.

Inventory:

Armour
 f - a +1 scale mail (worn)
Jewellery
 c - a ring of magical power (left hand)
Scrolls
 d - a scroll of poison {unknown}
Potions
 a - a potion of mutation {unknown}
 b - a potion of degeneration {unknown}


   Skills:
 * Level 3.1 Fighting
 * Level 2.0 Armour
 + Level 1.8 Dodging
 + Level 0.7 Stealth
 + Level 3.4 Unarmed Combat


You had 2 spell levels left.
You didn't know any spells.
Your spell library was empty.

Dungeon Overview and Level Annotations

Branches:
Dungeon (2/15)

Altars:
Sif Muna

Shops:
D:1 (


Innate Abilities, Weirdness & Mutations

You have extremely sharp teeth.
When hurt, damage is shared between your health and your magic reserves.
Your bite disrupts and absorbs the magic of your enemies.
Potions cannot restore your health.


Message History

No target in view!
No target in view!
d - a scroll labelled JOOTZY BOGUOPS
Found a shimmering blue altar of Sif Muna.
A gnoll comes into view. It is wielding a +0 spear.
The gnoll shouts!
A gnoll comes into view. It is wielding a +0 spear.
There are monsters nearby!
There are monsters nearby!
A bat and a gnoll come into view.
The gnoll shouts! x2
An endoplasm comes into view.
Found a scroll labelled MODIOKYCU.
You miss the bat. The bat hits you but does no damage.
The gnoll barely misses you.
You hit the bat.
The bat is moderately wounded.
The bat barely misses you.
The gnoll hits you from afar with a +0 spear. x2
You hit the bat but do no damage. Your bite misses the bat.
The bat is moderately wounded.
The bat hits you but does no damage. The bat completely misses you.
The bat hits you but does no damage.
The gnoll hits you from afar with a +0 spear. x2
The gnoll hits you from afar with a +0 halberd!
You are too injured to fight recklessly!
You are too injured to fight recklessly!
You are too injured to fight recklessly!
You are too injured to fight recklessly!
You are too injured to fight recklessly!
You are too injured to fight recklessly!
You are too injured to fight recklessly!
You are too injured to fight recklessly!
Unknown command.
The bat attacks as you move away! The bat barely misses you.
The bat hits you but does no damage. The bat barely misses you.
You barely miss the bat. Your bite misses the bat. The bat barely misses you.
The gnoll hits you from afar with a +0 halberd!
You die...

#######.####### ###..#
#.#.# #...## ..#.## ##.###
#.....# ##
#..#############.......
..##.##........##.........
#<...##........##.........
##..###........##.gJ......
#..###........b@.g_.....?
#..)##....:...#..g.......
#.#.##†.......##.........
#.#..#........###.#.....#
#.##.#......>..##.###.###
.. #..............# .# ..
##.####.###..##. # ##.
#..# #.# ..# . #. ##..# .#


You could see 3 gnolls, an endoplasm and a bat.

Vanquished Creatures
  An adder (D:2)
  3 bats (D:1)
  2 endoplasms (D:1)
  3 giant cockroaches (D:1)
  2 hobgoblins
  5 quokkas
  2 ball pythons (D:1)
  3 frilled lizards (D:1)
  A goblin (D:1)
  3 kobolds (D:1)
  A rat (D:1)
26 creatures vanquished.

Notes
Turn   | Place    | Note
-------+----------+-------------------------------------------
     0 | D:1      | robertstho the Vine Stalker Berserker began the quest for
                  | the Orb.
     0 | D:1      | Reached XP level 1. HP: 11/11 MP: 2/2
   275 | D:1      | Reached XP level 2. HP: 8/16 MP: 3/3
   499 | D:1      | Found a faded altar of an unknown god.
   660 | D:1      | Found Qaghepta's Antique Weapon Shop.
   708 | D:1      | Reached XP level 3. HP: 20/20 MP: 4/4
   947 | D:2      | Found a shimmering blue altar of Sif Muna.
   959 | D:2      | Slain by a gnoll

Illustrated notes

Levels and vault maps discovered:
D:1:      tarquinn_simple_flora_water_d, layout_basic, serial_shops,
          nicolae_shop_window_shopping, shapermc_ecumenical_altar_mp_highgroup
D:2:      layout_rooms, basic_altar, serial_bayou_crossing

Skill      XL: |  1  2  3 |
---------------+----------+-----
Fighting       | 3 |  3.1
Armour         | 2 |  2.0
Dodging        | |  1.8
Stealth        | |  0.7
Unarmed Combat | |  3.4

Action                   || total
-------------------------++-------
Melee: Unarmed           ||    66
       Bite              ||    12
       Punch             ||     1
  Use: Scroll            ||     2
 Stab: Sleeping          ||     1
Armor: Animal skin       ||     7
       Scale mail        ||    20
Dodge: Dodged            ||    57
